 Dungeon Crawl Stone Soup version 0.24-a0-291-g79c1ce7 (webtiles) character file.

Game seed: 351022557748901956

336 MatthieuS the Ruffian (level 6, 0/61 HPs)
             Began as a Troll Fighter on May 9, 2019.
             Was an Initiate of Ashenzari.
             Slain by an ogre
             ... wielding a +0 giant club
              (22 damage)
             ... on level 5 of the Dungeon.
             The game lasted 00:08:49 (2319 turns).

MatthieuS the Ruffian (Troll Fighter)               Turns: 2319, Time: 00:08:49

Health: 0/61       AC:  6    Str: 25    XL:     6   Next: 28%
Magic:  5/5        EV:  9    Int:  5    God:    Ashenzari [......]
Gold:   147        SH:  9    Dex: 10    Spells: 5/6 levels left

rFire    . . .     SeeInvis .   o - staff of earth (curse)
rCold    . . .     Gourm    +   b - +0 shield
rNeg     . . .     Faith    .   a - +0 robe
rPois    .         Spirit   .   (helmet restricted)
rElec    .         Reflect  .   (no cloak)
rCorr    .         Harm     .   (gloves unavailable)
MR       .....                  (boots unavailable)
Stlth    +.........             (no amulet)
HPRegen  0.60/turn              (no ring)
MPRegen  0.09/turn              (no ring)

@: no status effects
A: large, unfitting armour, claws 3, fast metabolism 3, gourmand, regeneration
1, shaggy fur 1, tough skin 3
a: Curse Item, Renounce Religion


You were on level 5 of the Dungeon.
You worshipped Ashenzari.
Ashenzari was noncommittal.
You were completely stuffed.

You visited 1 branch of the dungeon, and saw 5 of its levels.

You collected 147 gold pieces.

Inventory:

Hand Weapons
 g - a +2 flail of protection
   (You took it off an orc on level 4 of the Dungeon)
Armour
 a - a +0 robe (worn)
 b - a +0 shield (worn)
Magical Staves
 o - a cursed staff of earth (weapon)
   (You found it on level 4 of the Dungeon)
Scrolls
 d - a scroll of fear
 h - a scroll of identify {@r1}
Potions
 i - a potion of haste {@q3}
 j - 2 potions of curing {@q1}
 l - a potion of cancellation {unknown}
 n - a potion of agility {unknown}
Comestibles
 c - 2 chunks of flesh
 e - 4 rations


   Skills:
 + Level 3.2 Fighting
 + Level 0.1 Staves
 + Level 3.3 Dodging
 + Level 3.2 Shields
 - Level 4.1 Unarmed Combat
 + Level 0.5 Spellcasting
 + Level 0.7 Hexes
 + Level 0.0 Evocations


You had 5 spell levels left.
You knew the following spells:

 Your Spells              Type           Power        Failure   Level  Hunger
a - Confusing Touch       Hex            #.....       78%         1    ##.....

Your spell library contained the following spells:

 Spells                   Type           Power        Failure   Level  Hunger
 Confuse                  Hex            #.......     98%         3    ####...
 Gell's Gravitas          Tloc           #.........   99%         3    ####...
 Petrify                  Tmut/Erth      #.......     100%        4    #####..
 Metabolic Englaciation   Hex/Ice        #.........   100%        5    ######.
 Yara's Violent Unravell  Hex/Tmut       #.........   100%        5    ######.


Dungeon Overview and Level Annotations

Branches:
Dungeon (5/15)
 Temple: D:4-7

Altars:
Ashenzari
Qazlal
Yredelemnul
The Shining One


Innate Abilities, Weirdness & Mutations

You are too large for most types of armour.
You have claws for hands.
Your metabolism is lightning-fast.
You like to eat raw meat.
Your natural rate of healing is unusually fast.
You are covered in fur. (AC +1)
You have extremely tough skin. (AC +3)


Message History

You hit the giant cockroach but do no damage.
The giant cockroach bites you but does no damage.
You block the giant cockroach's attack.
You barely miss the giant cockroach. You block the giant cockroach's attack.
You hit the giant cockroach. The giant cockroach barely misses you.
The giant cockroach bites you but does no damage.
You hit the giant cockroach.
The giant cockroach bites you but does no damage.
You hit the giant cockroach.
You kill the giant cockroach!
You block the adder zombie's attack.
You hit the adder zombie. You block the adder zombie's attack.
You hit the adder zombie.
The adder zombie bites you but does no damage.
You hit the adder zombie. The adder zombie barely misses you.
The adder zombie misses you.
You hit the iguana but do no damage. The adder zombie barely misses you.
The iguana barely misses you.
The adder zombie bites you but does no damage.
An ogre comes into view. It is wielding a +0 giant club.
The ogre shouts!
You hear a shout!
The ogre moves out of view.
You hit the iguana. The iguana bites you!
* * * LOW HITPOINT WARNING * * *
The iguana bites you.
* * * LOW HITPOINT WARNING * * *
It was a potion of curing.
You feel better. The iguana bites you!
* * * LOW HITPOINT WARNING * * *
You hit the iguana but do no damage. The iguana bites you.
* * * LOW HITPOINT WARNING * * *
You hit the iguana. The iguana bites you!
* * * LOW HITPOINT WARNING * * *
Some of the chunks of flesh in your inventory have rotted away.
It was a potion of heal wounds.
You feel much better. You block the iguana's attack.
You hit the iguana.
You kill the iguana!
The ogre barely misses you.
The adder zombie bites you but does no damage.
You hit the adder zombie.
You destroy the adder zombie!
You block the ogre's attack.
You see here an iguana corpse.
You closely miss the ogre. The ogre hits you with a +0 giant club!
* * * LOW HITPOINT WARNING * * *
You hit the ogre. The ogre hits you with a +0 giant club!
* * * LOW HITPOINT WARNING * * *
You hit the ogre.
The ogre hits you with a +0 giant club!!
You die...

.# .. .# .. .#..
.#.#....
##........ ..
#......... #.
#.#....... #.
#O#.......
##.##@#.......
###.............
......#.<.......
...#......##.#..
.. #.#.#.## ..
..............#
...............
.............>..
................


You could see an ogre.

Vanquished Creatures
  A hound (D:4)
  An orc priest (D:4)
  Natasha (twice) (D:2)
  An iguana (D:5)
  11 adders
  2 oozes
  An adder zombie (D:5)
  A worm (D:2)
  3 dart slugs (D:1)
  3 leopard geckos
  9 orcs
  6 ball pythons (D:4)
  4 giant cockroaches
  6 goblins
  4 hobgoblins
  5 jackals
  4 kobolds
  3 quokkas
  8 bats
  6 frilled lizards
  3 rats
84 creatures vanquished.

Notes
Turn   | Place    | Note
-------+----------+-------------------------------------------
     0 | D:1      | MatthieuS the Troll Fighter began the quest for the Orb.
     0 | D:1      | Reached XP level 1. HP: 22/22 MP: 0/0
   210 | D:1      | Reached XP level 2. HP: 29/29 MP: 1/1
   428 | D:2      | Noticed Natasha
   435 | D:2      | Killed Natasha
   435 | D:2      | Reached XP level 3. HP: 24/36 MP: 2/2
   471 | D:2      | Noticed Natasha
   479 | D:2      | Killed Natasha
   479 | D:2      | Reached skill level 3 in Unarmed Combat
   479 | D:2      | Reached XP level 4. HP: 36/44 MP: 3/3
   825 | D:2      | Found a basalt altar of Yredelemnul.
   825 | D:2      | Found a stormy altar of Qazlal.
  1381 | D:3      | Learned a level 1 spell: Confusing Touch
  1575 | D:4      | Reached XP level 5. HP: 47/53 MP: 4/4
  1977 | D:4      | Reached skill level 4 in Unarmed Combat
  2035 | D:4      | Found a glowing golden altar of the Shining One.
  2073 | D:4      | Found a shattered altar of Ashenzari.
  2088 | D:4      | Reached XP level 6. HP: 47/61 MP: 5/5
  2106 | D:4      | Became a worshipper of Ashenzari the Shackled
  2277 | D:5      | Entered Level 5 of the Dungeon
  2319 | D:5      | Slain by an ogre

Levels and vault maps discovered:
D:1:      minmay_arrival_four_houses, layout_rooms, nrook_uturn,
          nrook_mini_backslash
D:2:      layout_loops_ring, gammafunk_temple_overflow_pools, uniq_natasha
D:3:      layout_rooms
D:4:      layout_rooms, nicolae_overflow_crystal_walls,
          nicolae_overflow_hidden_temple, minmay_snake_closets
D:5:      layout_rooms, first_ration, chequers_serial_rivers_small_b,
          minmay_misc_feat_five

Skill      XL: |  1  2  3  4  5 |
---------------+----------------+-----
Unarmed Combat | 3 4 |  4.1
Dodging        | 3 |  3.3
Fighting       | 3 |  3.2
Shields        | 3 |  3.2
Staves         | |  0.1
Spellcasting   | |  0.5
Hexes          | |  0.7

Action                   |  1- 3 |  4- 6 || total
-------------------------+-------+-------++-------
Melee: Unarmed           |    49 |    95 ||   144
       Staff             |       |   231 ||   231
  Use: Scroll            |       |     5 ||     5
       Potion            |       |     3 ||     3
 Stab: Sleeping          |       |     1 ||     1
  Eat: Chunk             |     8 |    20 ||    28
Armor: Robe              |    14 |   115 ||   129
Dodge: Dodged            |    14 |   126 ||   140
Block: Shield            |     9 |   185 ||   194

Table legend:
 A = Non-vault XP
 B = Vault XP
 C = Vault XP percentage of total XP
 D = Non-vault monster count
 E = Vault monster count
 F = Vault count percentage of total count
                 A         B        C        D         E       F
            +---------+---------+-------+---------+---------+-------
      Total |     345 |     135 |  28.1 |      71 |      13 |  15.5
            +---------+---------+-------+---------+---------+-------
        D:1 |      29 |       0 |   0.0 |      13 |       0 |   0.0
        D:2 |      69 |      36 |  34.3 |      19 |       1 |   5.0
        D:3 |      45 |       0 |   0.0 |      17 |       0 |   0.0
        D:4 |     152 |      99 |  39.4 |      18 |      12 |  40.0
        D:5 |      50 |       0 |   0.0 |       4 |       0 |   0.0
            +---------+---------+-------+---------+---------+-------
